 Dungeon Sprint DCSS version 0.31-a0-940-gdaa99269f9 (webtiles) character file.

Game seed: 10749018074251914322

157 dialectric the Covert (level 5, -4/28 HPs)
             Began as a Spriggan Brigand on Oct 20, 2023.
             Slain by a wyvern (18 damage)
             ... in the Dungeon (Sprint II: "The Violet Keep of Menkaure").
             The game lasted 00:00:35 (37 turns).

dialectric the Covert (Spriggan Brigand)              Turns: 37, Time: 00:00:36

Health: -4/28      AC:  3    Str:  7    XL:     5   Next: 15%
Magic:  6/6        EV: 17    Int: 12    God:
Gold:   0          SH:  0    Dex: 19    Spells: 4/4 levels left

rFire   . . .        a - +2 dagger
rCold   . . .        (no shield)
rNeg    . . .        b - +0 robe
rPois   .            (helmet restricted)
rElec   .            c - +0 cloak
rCorr   .            (gloves unavailable)
SInv    +            (boots unavailable)
Will    .....        (no amulet)
Stlth   ++++++       (no ring)
HPRegen 0.24/turn    (no ring)
MPRegen 0.10/turn

%: no teleportation
@: very quick
A: very small, no large weapons, unfitting armour, see invisible, speed 3
a: no special abilities


You were in the Dungeon.
You visited 1 branch

Inventory:

Hand Weapons
 a - a +2 dagger (weapon)
Missiles
 d - 8 poisoned darts (quivered)
Armour
 b - a +0 robe (worn)
 c - a +0 cloak (worn)
Scrolls
 k - a scroll of blinking
Potions
 f - a potion of curing
 g - a potion of heal wounds
 h - a potion of haste
 i - 2 potions of magic
 j - a potion of berserk rage


   Skills:
 + Level 2.8 Fighting
 + Level 4.4 Short Blades
 - Level 4.1 Throwing
 + Level 1.8 Dodging
 + Level 14.2 Stealth


You had 4 spell levels left.
You didn't know any spells.
Your spell library was empty.

Dungeon Overview and Level Annotations

Branches:
Dungeon (1/1)

Altars:


Innate Abilities, Weirdness & Mutations

You are very small and have problems with some larger weapons.
You are too small for most types of armour.
You have supernaturally acute eyesight. (SInv)
You cover ground extremely quickly. (Speed+++)


Message History

You see here a worm corpse.
Throw: 3 darts (curare)
Press: ? - help, Q - select action, (/) - cycle Shift-Dir - straight line, f - wyvern
Aim: a wyvern (lightly wounded, 62% to hit)
You throw a curare-tipped dart.
The curare-tipped dart barely misses the wyvern.
The wyvern barely misses you.
Unknown command.
You see here a worm corpse.
Unknown command.
Throw: 2 darts (curare)
Press: ? - help, Q - select action, (/) - cycle Shift-Dir - straight line, f/p - wyvern
Aim: a wyvern (lightly wounded, 62% to hit)
You throw a curare-tipped dart. The curare-tipped dart hits the wyvern.
The wyvern is poisoned.
The wyvern convulses.
The wyvern seems to slow down.
The wyvern is moderately wounded.
Unknown command.
Throw: dart (curare)
Press: ? - help, Q - select action, (/) - cycle Shift-Dir - straight line, f/p - wyvern
Aim: a wyvern (moderately wounded, very poisoned, slow, 62% to hit)
You throw a curare-tipped dart. The curare-tipped dart hits the wyvern.
The wyvern looks as sick as possible!
The wyvern convulses.
The wyvern seems to be slow for longer.
The wyvern is heavily wounded.
The wyvern bites you!
Ouch! That really hurt!
Unknown command.
Unknown command.
Unknown command.
Unknown command.
Unknown command.
Throw: 9 darts (poison)
Press: ? - help, Q - select action Shift-Dir - straight line, f/p - wyvern
Aim: a wyvern (severely wounded, extremely poisoned, slow, 62% to hit)
You throw a poisoned dart.
The poisoned dart closely misses the wyvern.
The wyvern bites you!!
Ouch! That really hurt!
You die...

## ##
#.###.#
####.#.#
#@###'##
##l##.##
##(.<.+
#...##.##
##.# #+#
##


You could see a wyvern (extremely poisoned, slow).

Vanquished Creatures
  A wyvern (D)
  3 worms (D)
4 creatures vanquished.

Notes
Turn   | Place    | Note
-------+----------+-------------------------------------------
     0 | D        | dialectric the Spriggan Brigand began the quest for the
                  | Orb.
     0 | D        | Reached XP level 1. HP: 10/10 MP: 2/2
     5 | D        | Reached skill level 7 in Stealth
    14 | D        | Reached skill level 8 in Stealth
    14 | D        | Reached XP level 2. HP: 15/15 MP: 3/3
    20 | D        | Noticed a wyvern
    20 | D        | Noticed a wyvern
    23 | D        | Killed a wyvern
    24 | D        | Reached skill level 14 in Stealth
    24 | D        | Reached XP level 3. HP: 19/19 MP: 4/4
    24 | D        | Reached XP level 4. HP: 23/23 MP: 5/5
    24 | D        | Reached XP level 5. HP: 28/28 MP: 6/6
    37 | D        | Slain by a wyvern

Illustrated notes

Levels and vault maps discovered:
D:        the_violet_keep_of_menkaure [sprint2_stairs_cluster_1,
          sprint2_shoproom, sprint2_temple, sprint2_basic_supplies,
          sprint2_obstacle_6, sprint2_obstacle_4, sprint2_obstacle_2,
          sprint2_obstacle_7, sprint2_obstacle_1, sprint2_timed_cluster_1,
          sprint2_smallroom_cluster_1, sprint2_smallroom_final_cluster_1,
          sprint2_transparent_cluster_1, sprint2_second_timed_cluster_1,
          sprint2_sniper_area_1, sprint2_heavy_combat_area_1,
          sprint2_mutation_trap_area_1, sprint2_forest_area_1,
          sprint2_light_combat_area_1, sprint2_behind_water_1,
          sprint2_near_end_vault_1]

Skill      XL: |  1  2 |
---------------+-------+-----
Stealth        | 8 14 | 14.2
Fighting       | 2 |  2.8
Short Blades   | 4 |  4.4
Throwing       | 4 |  4.1
Dodging        | |  1.8

Action                     |  1- 3 |  4- 6 || total
---------------------------+-------+-------++-------
  Melee: Dagger            |     5 |     2 ||     7
  Throw: Dart              |     5 |     4 ||     9
   Stab: Sleeping          |     2 |       ||     2
 Armour: Robe              |       |     2 ||     2
  Dodge: Dodged            |     1 |     5 ||     6

Table legend: (Time is in decaauts)
 A = Elapsed time spent in this place.
 B = Non-inter-level travel time spent in this place.
 C = Inter-level travel time spent in this place.
 D = Time resting spent in this place.
 E = Time spent auto-exploring this place.
 F = Levels seen in this place.
 G = Mean time per level.
                   A        B        C        D        E       F      G
               +--------+--------+--------+--------+--------+-----+--------+
         Total |     27 |     27 |      0 |      0 |      0 |   1 |   27.0 |
       Dungeon |     27 |     27 |      0 |      0 |      0 |   1 |   27.0 |
               +--------+--------+--------+--------+--------+-----+--------+

Top non-repeatable levels by time:
       D: 27 daAuts
